 Dungeon Crawl Stone Soup version 0.27-a0-1200-g94dc6ad4cf (webtiles) character file.

Game seed: 8231117172363540683

5351 Ijustatesigmund the Cleaver (level 10, -9/82 HPs)
             Began as a Demonspawn Fighter on June 1, 2021.
             Was a Follower of Cheibriados.
             Mangled by a two-headed ogre
             ... wielding a +0 giant club
              (13 damage)
             ... on level 8 of the Dungeon.
             The game lasted 00:14:03 (10379 turns).

Ijustatesigmund the Cleaver (Demonspawn Fighter)   Turns: 10379, Time: 00:14:03

Health: -9/82      AC: 17    Str: 19    XL:     10   Next: 38%
Magic:  15/15      EV: 13    Int: 12    God:    Cheibriados [*.....]
Gold:   368        SH: 11    Dex: 17    Spells: 9/9 levels left

rFire    . . .     SeeInvis .   a - +1 war axe
rCold    . . .     Faith    .   c - +1 kite shield
rNeg     . . .     Spirit   .   b - +0 scale mail
rPois    .         Reflect  .   u - +1 helmet
rElec    .         Harm     .   (no cloak)
rCorr    .         Rampage  .   (no gloves)
Will     .....                  j - +1 pair of boots
Stlth    ..........             m - amulet of the acrobat
HPRegen  0.23/turn              h - +4 ring of protection
MPRegen  0.14/turn              k - +4 ring of evasion

@: very slow
A: claws 2, icy blue scales 1, ignite blood 1, demonic magic 1
a: Renounce Religion, Bend Time


You were on level 8 of the Dungeon.
You worshipped Cheibriados.
Cheibriados was aware of your devotion.
You visited 2 branches of the dungeon, and saw 10 of its levels.

You collected 542 gold pieces.
You spent 174 gold pieces at shops.

Inventory:

Hand Weapons
 a - a +1 war axe (weapon)
Missiles
 H - a curare-tipped dart (quivered)
Armour
 b - a +0 scale mail (worn)
 c - a +1 kite shield (worn)
 j - a +1 pair of boots (worn)
 u - a +1 helmet (worn)
Jewellery
 g - a ring of fire
 h - a +4 ring of protection (left claw)
 k - a +4 ring of evasion (right claw)
 m - an amulet of the acrobat (around neck)
 C - a ring of wizardry
Wands
 p - a wand of charming (6)
 v - a wand of polymorph (6)
 x - a wand of digging (7)
 F - a wand of acid (3)
 G - a wand of flame (14)
Scrolls
 e - 2 scrolls of amnesia
 r - a scroll of teleportation
 s - 3 scrolls of magic mapping
 t - 3 scrolls of fear
 w - a scroll of enchant armour
 y - a scroll of silence
 z - a scroll of identify
 A - a scroll of blinking {unknown}
 E - a scroll of acquirement {unknown}
Potions
 d - 2 potions of might
 f - a potion of attraction
 i - a potion of heal wounds
 l - 2 potions of haste
 n - a potion of curing
 o - a potion of lignification
 q - a potion of cancellation
 B - a potion of berserk rage {unknown}
 D - a potion of brilliance {unknown}


   Skills:
 + Level 8.9 Fighting
 + Level 9.2 Axes
 - Level 4.1 Armour
 - Level 2.8 Dodging
 - Level 5.1 Shields
 + Level 7.1 Invocations


You had 9 spell levels left.
You didn't know any spells.
Your spell library contained the following spells:

 Spells                   Type           Power      Damage    Failure   Level
 Haunt                    Necr/Summ      0%         N/A       100%        7
 Malign Gateway           Summ/Tloc      0%         N/A       100%        7
 Monstrous Menagerie      Summ           0%         N/A       100%        7
 Summon Horrible Things   Summ           0%         N/A       100%        8


Dungeon Overview and Level Annotations

Branches:
Dungeon (9/15)             Temple (1/1) D:6
   Lair: D:8-11         Orc: D:9-12

Altars:
Ashenzari
Cheibriados
Dithmenos
Elyvilon
Fedhas
Gozag
Hepliaklqana
Kikubaaqudgha
Makhleb
Nemelex Xobeh
Okawaru
Qazlal
Ru
Sif Muna
Trog
Uskayaw
Vehumet
Wu Jian
Yredelemnul
Zin
The Shining One

Shops:
D:1 =   D:2 *   D:6 ?

Annotations:
D:5 1 runed translucent door


Innate Abilities, Weirdness & Mutations

You have very sharp fingernails.
You are partially covered in icy blue scales. (AC +2)
Your demonic aura sometimes causes spilled blood to erupt in flames.
Spells you cast may paralyse adjacent enemies.


Message History

You block the two-headed ogre's attack. x2
You hit the two-headed ogre.
The two-headed ogre is moderately wounded.
The two-headed ogre barely misses you. You block the two-headed ogre's attack.
You hit the two-headed ogre but do no damage.
The two-headed ogre is moderately wounded.
A centaur zombie comes into view.
You block the two-headed ogre's attack.
The two-headed ogre hits you with a +0 giant club!
You are too injured to fight recklessly!
You are too injured to fight recklessly!
You are too injured to fight recklessly!
You are too injured to fight recklessly!
You are too injured to fight recklessly!
You are too injured to fight recklessly!
You are too injured to fight recklessly!
You are too injured to fight recklessly!
You are too injured to fight recklessly!
You climb upwards.
There is a stone staircase leading down here.
You completely miss the two-headed ogre.
The two-headed ogre is moderately wounded.
You block the two-headed ogre's attack. The two-headed ogre misses you.
You hit the two-headed ogre.
The two-headed ogre is moderately wounded.
The two-headed ogre hits you with a +0 giant club!
* * * LOW HITPOINT WARNING * * *
The two-headed ogre hits you with a +0 giant club!
* * * LOW HITPOINT WARNING * * *
You hit the two-headed ogre but do no damage.
The two-headed ogre is moderately wounded.
The two-headed ogre hits you with a +0 giant club!
* * * LOW HITPOINT WARNING * * *
You block the two-headed ogre's attack.
You slash the two-headed ogre!
The two-headed ogre is severely wounded.
The two-headed ogre hits you with a +0 giant club.
* * * LOW HITPOINT WARNING * * *
The two-headed ogre hits you with a +0 giant club!
You die...

.....## ##........##
.....# #########
#.......## ....##
##.......## #.....###
...## ##.........#
##....# .###
#..........## ##...##
## #...........#
##....# ##
#...........###..####
.####
##..........##..##
....##
##.......@○...##
.....# #.......O...##
.....#####.......☼.##
.....<.>###[......##
..........###....##
........#.......##
........####...###
....(...# ##[.#.#
........# #.....#


You could see a two-headed ogre.

Vanquished Creatures
  A two-headed ogre (D:9)
  A centaur warrior (D:9)
  Joseph (D:8)
  A hornet (D:8)
  A shadow (D:9)
  A wyvern (D:9)
  2 steam dragons (D:7)
  2 orc warriors (D:9)
  A black bear (D:5)
  4 centaurs
  4 ogres
  A phantom (D:5)
  2 kobold brigands
  4 bullfrogs
  2 gnoll sergeants (D:9)
  5 scorpions
  A jelly (D:6)
  3 killer bees (D:4)
  2 howler monkeys
  3 bullfrog zombies
  A centaur zombie (D:7)
  3 hounds
  3 orc priests
  2 bullfrog skeletons (D:6)
  2 centaur skeletons
  4 iguanas
  5 orc wizards
  The ghost of EnegeticOcto the Magician, a weakling DjEE (D:5)
  3 howler monkey zombies
  5 gnolls
  4 adders
  A river rat (D:5)
  3 shadow imps
  A white imp (D:7)
  3 worms
  4 dart slugs
  19 orcs
  10 ball pythons
  2 bat zombies (D:6)
  8 endoplasms
  3 giant cockroaches
  11 goblins
  5 hobgoblins
  13 jackals
  12 kobolds
  5 quokkas
  5 bats
  A rat (D:2)
181 creatures vanquished.

Vanquished Creatures (others)
  An orc (D:7)
  20 plants (D:6)
21 creatures vanquished.

Grand Total: 202 creatures vanquished

Notes
Turn   | Place    | Note
-------+----------+-------------------------------------------
     0 | D:1      | Ijustatesigmund the Demonspawn Fighter began the quest for
                  | the Orb.
     0 | D:1      | Reached XP level 1. HP: 18/18 MP: 1/1
    32 | D:1      | Reached skill level 2 in Axes
   210 | D:1      | Gained mutation: Your demonic aura sometimes causes spilled
                  | blood to erupt in flames. [demonic ancestry]
   210 | D:1      | Reached XP level 2. HP: 15/24 MP: 2/2
   816 | D:1      | Found Xoobbes's Jewellery Boutique.
   913 | D:1      | Found a faded altar of an unknown god.
   975 | D:1      | Gained mutation: Spells you cast may paralyse adjacent
                  | enemies. [demonic ancestry]
   975 | D:1      | Reached XP level 3. HP: 8/29 MP: 3/3
  1492 | D:2      | Reached skill level 3 in Axes
  1520 | D:2      | Found Nuargh's Assorted Antiques.
  1529 | D:2      | Bought a scroll labelled YNAUDOUQESCH for 16 gold pieces
  1529 | D:2      | Bought a scroll labelled BAACLU VILOCS for 16 gold pieces
  1529 | D:2      | Bought a scroll labelled RYNEXT LOTI for 16 gold pieces
  2433 | D:3      | Found a sparkling altar of Nemelex Xobeh.
  2609 | D:3      | Found a blossoming altar of Fedhas.
  2613 | D:3      | Reached XP level 4. HP: 37/37 MP: 4/4
  3082 | D:3      | You fall into a shaft and drop 3 floors!
  3086 | D:6      | Noticed a scorpion
  3114 | D:6      | Reached skill level 4 in Axes
  3114 | D:6      | Reached XP level 5. HP: 30/42 MP: 5/5
  3116 | D:6      | Noticed an ogre
  3119 | D:5      | Entered Level 5 of the Dungeon
  3323 | D:4      | Gained mutation: You are partially covered in icy blue
                  | scales. (AC +2) [demonic ancestry]
  3323 | D:4      | Reached XP level 6. HP: 14/49 MP: 6/6
  3597 | D:4      | Reached skill level 5 in Axes
  3785 | D:4      | Reached skill level 5 in Fighting
  4169 | D:4      | Gained mutation: You have sharp fingernails. [demonic
                  | ancestry]
  4169 | D:4      | Reached XP level 7. HP: 56/56 MP: 7/7
  4173 | D:4      | Found an iron altar of Okawaru.
  4231 | D:4      | Found a burning altar of Makhleb.
  4312 | D:4      | Reached skill level 6 in Axes
  5523 | D:5      | Reached XP level 8. HP: 39/64 MP: 8/8
  5525 | D:5      | Reached skill level 7 in Axes
  5653 | D:5      | Found a runed translucent door.
  5825 | D:5      | Reached skill level 1 in Dodging
  5948 | D:5      | Noticed EnegeticOcto's ghost (weakling DjEE)
  5957 | D:5      | Killed EnegeticOcto's ghost
  5980 | D:5      | Found a runed translucent door.
  6591 | D:6      | Found a staircase to the Ecumenical Temple.
  7132 | D:6      | Found Wocic's Magic Scroll Shop.
  7206 | D:6      | Bought a scroll of teleportation for 42 gold pieces
  7206 | D:6      | Bought a scroll of identify for 28 gold pieces
  7206 | D:6      | Bought a scroll of identify for 28 gold pieces
  7206 | D:6      | Bought a scroll of identify for 28 gold pieces
  7342 | D:6      | Found an ancient bone altar of Kikubaaqudgha.
  7547 | D:7      | Reached XP level 9. HP: 65/71 MP: 9/9
  7648 | Temple   | Entered the Ecumenical Temple
  7844 | Temple   | Became a worshipper of Cheibriados the Contemplative
  8019 | D:7      | Reached skill level 1 in Invocations
  8680 | D:8      | Paralysed by a hornet for 3 turns
  9078 | D:8      | Reached skill level 8 in Axes
  9156 | D:8      | Noticed Joseph
  9164 | D:8      | Killed Joseph
  9165 | D:8      | Reached skill level 5 in Shields
  9772 | D:9      | Reached skill level 5 in Invocations
 10002 | D:9      | Noticed a two-headed ogre
 10008 | D:9      | Killed a two-headed ogre
 10008 | D:9      | Reached * piety under Cheibriados
 10009 | D:9      | Gained mutation: You have very sharp fingernails. [demonic
                  | ancestry]
 10009 | D:9      | Reached XP level 10. HP: 44/82 MP: 14/14
 10179 | D:9      | Noticed a centaur warrior
 10182 | D:9      | Noticed a deep elf pyromancer
 10185 | D:9      | Noticed a wizard
 10187 | D:9      | Reached skill level 9 in Axes
 10188 | D:9      | Noticed a cyclops
 10190 | D:9      | Killed a centaur warrior
 10194 | D:9      | Noticed a two-headed ogre
 10379 | D:8      | HP: 4/82 [two-headed ogre/+0 giant club (2)]
 10379 | D:8      | Mangled by a two-headed ogre

Illustrated notes

Levels and vault maps discovered:
D:1:      elethiomel_arrival_shortcut, layout_basic,
          hellmonk_ecumenical_altar_leap_of_faith, serial_shops,
          nicolae_shop_behind_doors
D:2:      layout_basic, serial_shops, shop
D:3:      layout_basic, fedhas_altar_1, zin_treasury, lemuel_crystal_altar
D:4:      layout_loops_ring, overflow_temple_1_default,
          okawaru_altar_gauntlet_db
D:5:      layout_rooms, ebering_ghost_sewer_f
D:6:      wad_woods_pond, layout_basic, lemuel_zombie_altar_kikubaaqudgha,
          minmay_temple_entry_hall, serial_shops, nicolae_shop_behind_doors
D:7:      layout_cave_pools, dk_rats_in_the_wall
D:8:      layout_cave_pods, uniq_joseph
D:9:      minmay_the_grid_3x2 [minmay_the_grid_plusring,
          minmay_the_grid_embedded, minmay_the_grid_doors,
          minmay_the_grid_minigrid_medium, minmay_the_grid_outer_diamond,
          minmay_the_grid_prize_inner_circle], layout_rooms,
          nicolae_overflow_hidden_temple
Temple:   regret_index_temple_generic_petals

Skill      XL: |  1  2  3  4  5  6  7  8  9 10 |
---------------+-------------------------------+-----
Axes           | 2 3 4 5 6 7 8 9 |  9.2
Fighting       | 4 5 6 8 |  8.9
Armour         | 4 |  4.1
Shields        | 4 5 |  5.1
Dodging        | 2 |  2.8
Invocations    | 6 7 |  7.1

Action                   |  1- 3 |  4- 6 |  7- 9 | 10-12 || total
-------------------------+-------+-------+-------+-------++-------
Melee: War axe           |   154 |   206 |   401 |    57 ||   818
Invok: Bend Time         |       |       |       |     1 ||     1
Evoke: Wand              |       |       |       |     2 ||     2
  Use: Scroll            |     8 |     1 |    11 |     1 ||    21
       Potion            |       |       |     1 |       ||     1
Armor: Scale mail        |    78 |    78 |   213 |    22 ||   391
Dodge: Dodged            |    53 |   103 |   245 |    34 ||   435
Block: Kite shield       |    84 |   136 |   299 |    39 ||   558

Table legend: (Time is in decaauts)
 A = Elapsed time spent in this place.
 B = Non-inter-level travel time spent in this place.
 C = Inter-level travel time spent in this place.
 D = Time resting spent in this place.
 E = Time spent auto-exploring this place.
 F = Levels seen in this place.
 G = Mean time per level.
                   A        B        C        D        E       F      G
               +--------+--------+--------+--------+--------+-----+--------+
         Total |  11123 |  10736 |    387 |   1532 |   7419 |  10 | 1112.3 |
       Dungeon |  10883 |  10554 |    329 |   1532 |   7238 |   9 | 1209.2 |
        Temple |    239 |    182 |     57 |      0 |    181 |   1 |  239.0 |
               +--------+--------+--------+--------+--------+-----+--------+

Top non-repeatable levels by time:
     D:4: 1755 daAuts
     D:1: 1418 daAuts
     D:8: 1309 daAuts
     D:6: 1268 daAuts
     D:5: 1212 daAuts
     D:3: 1133 daAuts
     D:2: 1057 daAuts
     D:7: 1029 daAuts
     D:9: 698 daAuts
  Temple: 239 daAuts
